 Dungeon Sprint DCSS version 0.29-a0-911-g88e6f02907 (webtiles) character file.

Game seed: 2004140092186295855

15239 rocky1 the Bludgeoner (level 11, -15/119 HPs)
             Began as a Minotaur Gladiator on July 26, 2022.
             Was the Champion of Okawaru.
             Killed from afar by an ogre mage (36 damage)
             ... with a bolt of magma
             ... in the Dungeon (Sprint IX: "|||||||||||||||||||||||||||||").
             The game lasted 00:07:19 (2402 turns).

rocky1 the Bludgeoner (Minotaur Gladiator)          Turns: 2402, Time: 00:07:20

Health: -15/119    AC: 32    Str: 23    XL:     11   Next: 99%
Magic:  6/12       EV: 15    Int:  5    God:    Okawaru [******]
Gold:   1453       SH:  0    Dex: 15    Spells: 10/10 levels left

rFire   . . .      SeeInvis .   p - +1 great mace (protect)
rCold   . . .      Faith    .   (shield currently unavailable)
rNeg    . . .      Spirit   .   x - +0 plate armour
rPois   .          Reflect  .   c - +0 hat
rElec   .          Harm     .   o - +0 cloak
rCorr   .          Rampage  .   w - +0 pair of gloves
Will    .....      NoTele   +   (no boots)
Stlth   ..........              (no amulet)
HPRegen 0.29/turn               r - +3 ring of dexterity
MPRegen 0.13/turn               q - +2 ring of protection

@: heroic, finesse-ful, under a protective aura
A: horns 2, retaliatory headbutt
a: Renounce Religion, Heroism, Finesse


You were in the Dungeon.
You worshipped Okawaru.
Okawaru was exalted by your worship.
You visited 1 branch You collected 1453 gold pieces.

Inventory:

Hand Weapons
 n - a +2 vorpal morningstar
 p - a +1 great mace of protection (weapon)
Missiles
 d - a throwing net
 e - 5 javelins (quivered)
 v - 5 silver javelins
Armour
 c - a +0 hat (worn)
 o - a +0 cloak (worn)
 w - a +0 pair of gloves (worn)
 x - a +0 plate armour (worn)
Jewellery
 q - a +2 ring of protection (right hand)
 r - a +3 ring of dexterity (left hand)
Wands
 m - a wand of iceblast (5)
Scrolls
 k - 2 scrolls of blinking
 l - 2 scrolls of amnesia
 s - a scroll of identify
 t - 2 scrolls of fog
 u - 2 scrolls of enchant weapon
Potions
 a - 2 potions of berserk rage
 b - a potion of brilliance
 f - 7 potions of curing
 h - a potion of haste
 i - 4 potions of magic
 j - a potion of invisibility


   Skills:
 + Level 18.1(23.1) Fighting
 - Level 20.5(25.5) Maces & Flails
 + Level 9.4(14.4) Throwing
 + Level 15.7(20.7) Armour
 + Level 11.6(16.6) Dodging
 + Level 5.5(10.5) Stealth
 + Level 3.8 Invocations
 + Level 3.5 Evocations


You had 10 spell levels left.
You didn't know any spells.
Your spell library contained the following spells:

 Spells                   Type           Power      Damage    Failure   Level
 Shock                    Conj/Air       0%         1d3       97%         1
 Swiftness                Air            0%         N/A       100%        3
 Airstrike                Air            0%         0-1+      100%        4


Dungeon Overview and Level Annotations

Branches:
Dungeon (1/1)

Altars:
Cheibriados
Dithmenos
Elyvilon
Fedhas
Gozag
Hepliaklqana
Kikubaaqudgha
Makhleb
Nemelex Xobeh
Okawaru
Qazlal
Ru
Sif Muna
Trog
Uskayaw
Vehumet
Wu Jian
Xom
Yredelemnul
Zin
The Shining One
Jiyva
Lugonu

Shops:
D *(:?


Innate Abilities, Weirdness & Mutations

You have a pair of horns on your head.
You reflexively headbutt those who attack you in melee.


Message History

You feel much better.
You hear some strange, mumbled words.
A bolt of magma appears from out of thin air!
The bolt of magma hits you!
* * * LOW HITPOINT WARNING * * *
You miss something. You headbutt something! Okawaru is honoured by your kill.
Reactivating autopickup.
You feel a bit more experienced.
Found 50 gold pieces.
Items here: $ ) [ †.
You bludgeon the stone giant!!
The stone giant is heavily wounded.
A troll comes into view.
The stone giant hits you.
* * * LOW HITPOINT WARNING * * *
You bludgeon the stone giant!!
The stone giant is almost dead.
You hit the stone giant. You headbutt the stone giant.
The stone giant is almost dead.
You bludgeon the stone giant!!
You kill the stone giant!
Okawaru is honoured by your kill.
You pound the deep troll like an anvil!!!
The deep troll is almost dead.
You barely miss the deep troll.
The deep troll is almost dead.
You thump the deep troll!
You kill the deep troll!
Okawaru is honoured by your kill.
The troll leather armour is intact enough to wear.
Your base Fighting skill increases to level 18!
Deactivating autopickup; reactivate with Ctrl-A.
You sock something! You barely miss something. You sock something!
You hear some strange, mumbled words.
A bolt of magma appears from out of thin air!
The bolt of magma hits you!!!
You die...

▓▓▓▓▓▓▓▓▓▓▓▓▓▓▓▓▓▓▓▓▓▓▓▓
.))....))†.$$∩$∩@{$∩T$.$
▓▓▓▓▓▓▓▓▓▓▓▓▓▓▓▓▓▓▓▓▓▓▓▓▓▓▓▓▓▓▓▓▓
.................................
▓▓▓▓▓▓▓▓▓▓▓▓▓▓▓▓▓▓▓▓▓▓▓▓▓▓▓▓▓▓▓▓▓
........†.††.....[)..'...[[[..'..
▓▓▓▓▓▓▓▓▓▓▓▓▓▓▓▓▓▓▓▓▓▓▓▓▓▓▓▓▓▓▓▓▓
.................................
▓▓▓▓▓▓▓▓▓▓▓▓▓▓▓▓▓▓▓▓▓▓▓▓▓▓▓▓▓▓▓▓▓
________'..)..[..[)......).÷(...'


You could see a troll.

Vanquished Creatures
  2 stone giants (D)
  An ettin (D)
  A boulder beetle (D)
  2 ogre magi (D)
  A two-headed ogre (D)
  An orc high priest (D)
  2 iron trolls (D)
  A deep troll (D)
  2 orc knights (D)
  An oklob plant (D)
  A cyclops (D)
  2 torpor snails (D)
  4 cane toads (D)
  2 komodo dragons (D)
  5 trolls (D)
  A dream sheep (D)
  A vampire (D)
  3 wyverns (D)
  A hog (shapeshifter) (D)
  A yak (D)
  A steam dragon (D)
  2 wargs (D)
  2 water moccasins (D)
  2 hell hounds (D)
  9 orc warriors (D)
  An ogre (D)
  4 wolves (D)
  A centaur (shapeshifter) (D)
  2 bullfrogs (D)
  2 killer bees (D)
  A howler monkey (D)
  An orc priest (D)
  A hound (D)
  7 orc wizards (D)
  A dart slug (D)
  6 orcs (D)
  2 bats (D)
  A jackal (D)
  A quokka (D)
  A ball python (D)
  A frilled lizard (D)
84 creatures vanquished.

Notes
Turn   | Place    | Note
-------+----------+-------------------------------------------
     0 | D        | rocky1 the Minotaur Gladiator began the quest for the Orb.
     0 | D        | Reached XP level 1. HP: 18/18 MP: 0/0
     9 | D        | Reached skill level 4 in Maces & Flails
    68 | D        | Noticed a hound
    68 | D        | Noticed an ogre
    68 | D        | Noticed a howler monkey
    74 | D        | Killed a hound
    75 | D        | Reached skill level 6 in Maces & Flails
    75 | D        | Reached skill level 5 in Dodging
    75 | D        | Reached XP level 2. HP: 26/26 MP: 1/1
    75 | D        | Reached XP level 3. HP: 31/31 MP: 2/2
    76 | D        | Killed an ogre
    77 | D        | Reached skill level 8 in Maces & Flails
    77 | D        | Reached XP level 4. HP: 41/41 MP: 3/3
    82 | D        | Reached skill level 5 in Fighting
    82 | D        | Reached XP level 5. HP: 48/48 MP: 4/4
    83 | D        | Reached skill level 9 in Maces & Flails
   320 | D        | Found a snail-covered altar of Cheibriados.
   320 | D        | Found a shadowy altar of Dithmenos.
   320 | D        | Found a white marble altar of Elyvilon.
   320 | D        | Found a blossoming altar of Fedhas.
   320 | D        | Found an opulent altar of Gozag.
   321 | D        | Found a hazy altar of Hepliaklqana.
   322 | D        | Found a viscous altar of Jiyva.
   323 | D        | Found an ancient bone altar of Kikubaaqudgha.
   324 | D        | Found a corrupted altar of Lugonu.
   325 | D        | Found a burning altar of Makhleb.
   326 | D        | Found a sparkling altar of Nemelex Xobeh.
   327 | D        | Found an iron altar of Okawaru.
   328 | D        | Found a stormy altar of Qazlal.
   329 | D        | Found a sacrificial altar of Ru.
   330 | D        | Found a shimmering blue altar of Sif Muna.
   331 | D        | Found a bloodstained altar of Trog.
   332 | D        | Found a hide-covered altar of Uskayaw.
   333 | D        | Found a radiant altar of Vehumet.
   334 | D        | Found an ornate altar of the Wu Jian Council.
   335 | D        | Became a worshipper of Warmaster Okawaru
   336 | D        | Found a shimmering altar of Xom.
   337 | D        | Found a basalt altar of Yredelemnul.
   338 | D        | Found a glowing silver altar of Zin.
   339 | D        | Found a glowing golden altar of the Shining One.
   386 | D        | Noticed a two-headed ogre
   386 | D        | Noticed a steam dragon
   386 | D        | Noticed a vampire
   395 | D        | Killed a two-headed ogre
   395 | D        | Reached * piety under Okawaru
   395 | D        | Reached ** piety under Okawaru
   395 | D        | Reached *** piety under Okawaru
   396 | D        | Reached skill level 13 in Maces & Flails
   396 | D        | Reached skill level 5 in Throwing
   396 | D        | Reached skill level 10 in Dodging
   396 | D        | Reached XP level 6. HP: 61/61 MP: 5/5
   396 | D        | Reached XP level 7. HP: 67/67 MP: 6/6
   405 | D        | Killed a steam dragon
   409 | D        | Reached skill level 14 in Maces & Flails
   417 | D        | Killed a vampire
   418 | D        | Reached XP level 8. HP: 39/75 MP: 7/7
   685 | D        | Noticed a blink frog
   685 | D        | Noticed a troll
   685 | D        | Noticed a cyclops
   685 | D        | Noticed a boulder beetle
   685 | D        | Noticed a shapeshifter
   685 | D        | a golden eye changed into a shapeshifter
   686 | D        | a shapeshifter changed into a hog
   687 | D        | a blink frog changed into an acid dragon
   696 | D        | Killed a troll
   697 | D        | Reached skill level 15 in Maces & Flails
   697 | D        | Reached **** piety under Okawaru
   701 | D        | Killed a cyclops
   702 | D        | Reached skill level 16 in Maces & Flails
   702 | D        | Reached skill level 5 in Armour
   702 | D        | Reached XP level 9. HP: 67/85 MP: 6/8
   714 | D        | Killed a boulder beetle
   714 | D        | Received a gift from Okawaru
   714 | D        | Reached ***** piety under Okawaru
   715 | D        | Reached skill level 10 in Fighting
   715 | D        | Reached skill level 17 in Maces & Flails
  1065 | D        | Noticed a cane toad
  1065 | D        | Noticed an oklob plant
  1065 | D        | Noticed a cane toad
  1072 | D        | Noticed a cane toad
  1075 | D        | Killed a cane toad
  1075 | D        | Received a gift from Okawaru
  1080 | D        | Killed an oklob plant
  1081 | D        | Reached skill level 18 in Maces & Flails
  1084 | D        | Killed a cane toad
  1084 | D        | Received a gift from Okawaru
  1091 | D        | Killed a cane toad
  1092 | D        | Reached skill level 1 in Invocations
  1092 | D        | Reached skill level 1 in Evocations
  1092 | D        | Reached XP level 10. HP: 76/97 MP: 9/9
  1186 | D        | Noticed a torpor snail
  1186 | D        | Noticed a cane toad
  1189 | D        | Killed a torpor snail
  1190 | D        | Reached skill level 19 in Maces & Flails
  1190 | D        | Reached skill level 10 in Armour
  1196 | D        | Noticed a torpor snail
  1197 | D        | Received a gift from Okawaru
  1198 | D        | Killed a cane toad
  1208 | D        | Killed a torpor snail
  1655 | D        | Noticed an orc knight
  1662 | D        | Killed an orc knight
  1664 | D        | Noticed a stone giant
  1665 | D        | Reached skill level 20 in Maces & Flails
  1667 | D        | Reached XP level 11. HP: 83/110 MP: 9/11
  1676 | D        | Killed a stone giant
  1938 | D        | Noticed an orc knight
  1940 | D        | Noticed an orc high priest
  1944 | D        | Killed an orc knight
  1944 | D        | Received a gift from Okawaru
  1944 | D        | Reached ****** piety under Okawaru
  1970 | D        | Received a gift from Okawaru
  1971 | D        | Reached skill level 15 in Fighting
  1977 | D        | Killed an orc high priest
  2323 | D        | Found Kuorgh's General Store.
  2323 | D        | Noticed an ogre mage
  2323 | D        | Noticed an iron troll
  2323 | D        | Noticed an ettin
  2327 | D        | Killed an ogre mage
  2328 | D        | Noticed an iron troll
  2339 | D        | Killed an iron troll
  2346 | D        | Killed an ettin
  2354 | D        | Killed an iron troll
  2355 | D        | Reached skill level 15 in Armour
  2355 | D        | Reached skill level 5 in Stealth
  2357 | D        | Found Huni's Weapon Shoppe.
  2361 | D        | Received a gift from Okawaru
  2371 | D        | Found Dopul's Book Emporium.
  2374 | D        | Found Raostrohoh's Magic Scroll Shoppe.
  2375 | D        | Noticed an ogre mage
  2375 | D        | Noticed a deep troll
  2376 | D        | Noticed an ogre mage
  2379 | D        | Noticed a stone giant
  2391 | D        | Killed an ogre mage
  2396 | D        | Killed a stone giant
  2399 | D        | Killed a deep troll
  2402 | D        | Killed from afar by an ogre mage

Illustrated notes

Levels and vault maps discovered:
D:        linesprint [early_d, line_temple, items_1, d_10, items_2, lair_1,
          lair_end, items_3, orc_1, orc_end, items_4, d_15, swamp_1, shoals_1,
          snake_1, spider_1, d_20, vaults_1, items_5, swamp_end, shoals_end,
          snake_end, spider_end, vaults_end, d_27, items_6, zot_1, zot_end,
          crypt_end, forest_end, elf_end, slime_end, tomb_end, abyss_end,
          pan_hell_end]

Skill      XL: |  1  2  3  4  5  6  7  8  9 10 11 |
---------------+----------------------------------+-----
Maces & Flails | 6 8 13 14 16 18 20 | 20.5
Dodging        | 5 6 7 10 11 | 11.6
Fighting       | 3 4 5 7 8 9 12 14 18 | 18.1
Throwing       | 3 5 6 7 9 |  9.4
Armour         | 2 3 5 9 12 15 | 15.7
Stealth        | 2 3 4 5 |  5.5
Invocations    | 1 2 3 |  3.8
Evocations     | 1 2 3 |  3.5

Action                   |  1- 3 |  4- 6 |  7- 9 | 10-12 || total
-------------------------+-------+-------+-------+-------++-------
Melee: Flail             |    18 |     6 |       |       ||    24
       Headbutt          |     3 |     3 |    13 |    29 ||    48
       Morningstar       |       |     7 |    56 |   100 ||   163
       Great mace        |       |       |       |    55 ||    55
       Punch             |       |       |       |     3 ||     3
Throw: Throwing net      |       |     2 |       |     1 ||     3
       Javelin           |       |       |     1 |    12 ||    13
Invok: Heroism           |       |       |     2 |     4 ||     6
       Finesse           |       |       |       |     1 ||     1
Evoke: Wand              |       |       |     5 |       ||     5
  Use: Potion            |     1 |       |     1 |     4 ||     6
       Scroll            |       |       |       |     1 ||     1
 Stab: Held in net/web   |       |     1 |       |     2 ||     3
Armor: Leather armour    |     4 |     1 |       |       ||     5
       Chain mail        |       |     2 |    23 |    13 ||    38
       Plate armour      |       |       |       |    29 ||    29
Dodge: Dodged            |    13 |     2 |    21 |    53 ||    89

Table legend: (Time is in decaauts)
 A = Elapsed time spent in this place.
 B = Non-inter-level travel time spent in this place.
 C = Inter-level travel time spent in this place.
 D = Time resting spent in this place.
 E = Time spent auto-exploring this place.
 F = Levels seen in this place.
 G = Mean time per level.
                   A        B        C        D        E       F      G
               +--------+--------+--------+--------+--------+-----+--------+
         Total |   2351 |   2351 |      0 |   1593 |      0 |   1 | 2351.0 |
       Dungeon |   2351 |   2351 |      0 |   1593 |      0 |   1 | 2351.0 |
               +--------+--------+--------+--------+--------+-----+--------+

Top non-repeatable levels by time:
       D: 2351 daAuts
